 Dungeon Crawl Stone Soup version 0.30-a0-243-gaa749bd8e4 (webtiles) character file.

Game seed: 7826534284572743913

68380 Engwar the Tortoise (level 14, -35/136 HPs)
             Began as a Minotaur Fighter on Oct 11, 2022.
             Was the Champion of Okawaru.
             Annihilated by a very large slime creature (45 damage)
             ... on level 12 of the Dungeon on Oct 12, 2022.
             The game lasted 01:08:29 (22750 turns).

Engwar the Tortoise (Minotaur Fighter)             Turns: 22750, Time: 01:08:29

Health: -35/136    AC: 23    Str: 25    XL:     14   Next: 86%
Magic:  19/19      EV: 10    Int:  7    God:    Okawaru [******]
Gold:   643        SH:  7    Dex:  7    Spells: 13/13 levels left

rFire   + . .      SeeInvis +    k - +1 broad axe (vorpal)
rCold   + + +      Faith    .    c - +0 buckler
rNeg    + + .      Spirit   .    e - quicksilver dragon scales "Otziheer" {rN+ Will+ Int+2}
rPois   .          Reflect  .    (helmet restricted)
rElec   +          Harm     .    H - +2 cloak
rCorr   .          Rampage  +    w - +1 pair of gloves "Voosadghu" {Rampage rC+++ Dex-4 SInv}
Will    ++...                    u - +0 pair of boots
Stlth   ..........               J - amulet of regeneration
HPRegen 1.22/turn                t - ring of positive energy
MPRegen 0.16/turn                N - ring "Gorimotz" {rElec rF+}

@: no status effects
A: horns 2, retaliatory headbutt
a: Renounce Religion, Heroism, Finesse, Duel


You were on level 12 of the Dungeon.
You worshipped Okawaru.
Okawaru was exalted by your worship.
You visited 4 branches of the dungeon, and saw 20 of its levels.

You collected 2705 gold pieces.
You spent 2062 gold pieces at shops.

Inventory:

Hand Weapons
 k - a +1 vorpal broad axe (weapon)
Missiles
 h - a throwing net
 y - 73 poisoned darts
 C - 11 javelins (quivered)
 D - 3 silver javelins
 G - 4 curare-tipped darts
Armour
 c - a +0 buckler (worn)
 e - the quicksilver dragon scales "Otziheer" (worn) {rN+ Will+ Int+2}
   (You bought it in a shop on level 2 of the Orcish Mines)

   Int:       It affects your intelligence (+2).
   rN:        It protects you from negative energy.
   Will:      It increases your willpower.
 u - a +0 pair of boots (worn)
 w - the +1 pair of gloves "Voosadghu" (worn) {Rampage rC+++ Dex-4 SInv}
   (Okawaru gifted it to you on level 12 of the Dungeon)

   Dex:       It affects your dexterity (-4).
   rC:        It renders you almost immune to cold.
   SInv:      It lets you see invisible.
   Rampage:   It bestows one free step when moving towards enemies.
 H - a +2 cloak (worn)
Jewellery
 t - a ring of positive energy (left hand)
 J - an amulet of regeneration (around neck)
 N - the ring "Gorimotz" (right hand) {rElec rF+}
   (You found it on level 5 of the Lair of Beasts)

   [ring of protection from fire]

   rF:        It protects you from fire.
   rElec:     It insulates you from electricity.
Wands
 d - a wand of iceblast (5)
 r - a wand of mindburst (20)
 z - a wand of polymorph (6)
 B - a wand of quicksilver (3)
 F - a wand of flame (66)
Scrolls
 m - 2 scrolls of fear
 p - a scroll of teleportation
 v - 2 scrolls of amnesia
 A - a scroll of fog
 M - 3 scrolls of magic mapping
Potions
 a - a potion of heal wounds
 b - a potion of invisibility
 f - 2 potions of brilliance
 g - 3 potions of flight
 i - 2 potions of attraction
 j - 2 potions of mutation
 l - 3 potions of ambrosia
 o - 3 potions of curing
 q - 3 potions of lignification {unknown}
 s - 3 potions of haste
 x - 2 potions of cancellation {unknown}
 I - a potion of might


   Skills:
 + Level 15.7 Fighting
 + Level 15.5 Axes
 + Level 15.7 Armour
 - Level 15.1 Shields
 - Level 8.0 Invocations
 + Level 1.6 Evocations


You had 13 spell levels left.
You didn't know any spells.
Your spell library contained the following spells:

 Spells                   Type           Power      Damage    Failure   Level
 Apportation              Tloc           0%         N/A       56%         1
 Foxfire                  Conj/Fire      0%         2x1d4     56%         1
 Shock                    Conj/Air       0%         1d3       56%         1
 Slow                     Hex            0%         N/A       56%         1
 Blink                    Tloc           0%         N/A       71%         2
 Ensorcelled Hibernation  Hex/Ice        0%         N/A       71%         2
 Static Discharge         Conj/Air       0%         2-2/arc   71%         2
 Sublimation of Blood     Necr           0%         N/A       71%         2
 Confusing Touch          Hex            0%         N/A       91%         3
 Gell's Gravitas          Tloc           0%         N/A       91%         3
 Lesser Beckoning         Tloc           0%         N/A       91%         3
 Swiftness                Air            0%         N/A       91%         3
 Teleport Other           Tloc           0%         N/A       91%         3
 Vampiric Draining        Necr           0%         2d6       91%         3
 Vhi's Electric Charge    Tloc/Air       0%         N/A       91%         3
 Airstrike                Air            0%         2d(0-16)  100%        4
 Fulminant Prism          Conj/Hex       0%         3d6       100%        4
 Passage of Golubria      Tloc           0%         N/A       100%        4
 Petrify                  Tmut/Erth      0%         N/A       100%        4
 Alistair's Intoxication  Tmut/Pois      0%         N/A       100%        5
 Arcjolt                  Conj/Air       0%         1d10      100%        5
 Fireball                 Conj/Fire      0%         3d3       100%        5
 Irradiate                Conj/Tmut      0%         3d11      100%        5
 Iskenderun's Battlesphe  Conj           0%         2d6       100%        5
 Lightning Bolt           Conj/Air       0%         1d11      100%        5
 Conjure Ball Lightning   Conj/Air       0%         3x3d6     100%        6
 Starburst                Conj/Fire      0%         6d3       100%        6
 Orb of Destruction       Conj           0%         9d5       100%        7
 Storm Form               Tmut/Air       0%         N/A       100%        7
 Maxwell's Capacitive Co  Air            0%         ∞         100%        8
 Summon Lightning Spire   Summ/Air       Unusable   N/A       N/A         4

Dungeon Overview and Level Annotations

Branches:
Dungeon (12/15)            Temple (1/1) D:7            Lair (5/5) D:10
  Swamp (0/4) Lair:3        Snake (0/4) Lair:2        Slime (0/5) Lair:5
    Orc (2/2) D:11            Elf (0/3) Orc:2

Altars:
Ashenzari
Cheibriados
Dithmenos
Elyvilon
Fedhas
Gozag
Hepliaklqana
Kikubaaqudgha
Makhleb
Nemelex Xobeh
Okawaru
Qazlal
Ru
Sif Muna
Trog
Uskayaw
Vehumet
Wu Jian
Xom
Yredelemnul
Zin
The Shining One
Jiyva

Shops:
D:5 *   D:7 !   Orc:2 (=*[*

Portals:
Trove: D:11 (give 7 scrolls of fog)

Annotations:
D:9 1 runed translucent door, kelmiir's ghost, journeyman GnTm
Lair:1 exclusion: oklob plant


Innate Abilities, Weirdness & Mutations

You have a pair of horns on your head.
You reflexively headbutt those who attack you in melee.


Message History

The slime creature is moderately wounded.
The slime creature hits you but does no damage.
You slice the slime creature!!
The slime creature is severely wounded.
A large slime creature splits.
The slime creature hits you but does no damage.
You barely miss the slime creature.
The slime creature is severely wounded.
Two slime creatures merge to form a large slime creature.
You barely miss the large slime creature.
You headbutt the large slime creature!
The large slime creature is heavily wounded.
You slice the large slime creature!!
The large slime creature is heavily wounded.
Two slime creatures merge to form a very large slime creature.
You slice the very large slime creature!!
You headbutt the very large slime creature.
The very large slime creature is heavily wounded.
You hit the very large slime creature but do no damage.
The very large slime creature is heavily wounded.
The very large slime creature hits you!!!
You slice the very large slime creature!!
The very large slime creature is severely wounded.
The very large slime creature hits you!
You slice the very large slime creature!!
The very large slime creature is almost dead.
You slash the very large slime creature!
The very large slime creature is almost dead.
The very large slime creature hits you!!
You hit the very large slime creature.
The very large slime creature is almost dead.
The very large slime creature hits you!!!
* * * LOW HITPOINT WARNING * * *
You barely miss the very large slime creature.
You headbutt the very large slime creature.
The very large slime creature is almost dead.
The very large slime creature misses you.
The very large slime creature attacks as you move away!
The very large slime creature hits you!!!
You die...

#...###.# #.##.#
#.#.....# #.##.#
#...###.# #.##.#
##.## #.# #^##.. #.#
#.# #.#### #.# #.#
#.. #.####.#####
##.########.........
#......J@...####...#
........####.# #
##..##... ##.## ...
...... ...# #
.##...###..# #.
.........# #. #
###...###=# #. #...#
#)# #. #...###.###
#.###


You could see a very large slime creature.

Vanquished Creatures
  Saint Roka (Orc:1)
  Gastronok (D:8)
  Josephine (D:11)
  2 hydras
  4 catoblepae
  3 two-headed ogres
  12 death yaks
  Urug (Orc:1)
  An orc high priest (Orc:2)
  Sonja (D:12)
  3 skeletal warriors (D:12)
  Pikel (D:5)
  An ugly thing (D:12)
  4 orc knights
  5 orc sorcerers (Orc:2)
  3 manticores
  10 elephants
  4 black mambas
  Maurice (D:11)
  13 cane toads
  A gargoyle (D:11)
  A torpor snail (Lair:2)
  An unseen horror (D:10)
  14 komodo dragons
  6 rime drakes
  A kobold demonologist (D:8)
  A tengu conjurer (D:10)
  5 trolls
  Prince Ribbit (D:7)
  2 tyrant leeches (Lair:3)
  A polar bear (Lair:1)
  4 slime creatures (D:12)
  12 blink frogs
  8 wyverns
  2 shadows
  A vampire (D:12)
  7 wraiths
  63 yaks
  3 basilisks
  2 steam dragons
  5 wargs
  14 water moccasins
  An acid dragon (D:9)
  25 orc warriors
  2 swamp drakes
  A black bear (D:6)
  An ice beast (D:6)
  A sky beast (D:5)
  4 ogres
  12 wolves
  4 centaurs
  2 phantoms
  A lemure (D:5)
  Blork the orc (Orc:2)
  12 bullfrogs
  15 kobold brigands
  A necrophage (D:5)
  A gnoll sergeant (D:10)
  12 killer bees
  5 howler monkeys
  3 jellies
  21 orc priests
  2 hounds (D:6)
  Natasha (twice) (D:2)
  2 iguanas
  18 orc wizards
  7 hell rats (Lair:3)
  Robin (D:2)
  6 adders
  5 gnolls (D:10)
  2 shadow imps
  An ufetubus (D:5)
  3 worms
  2 dart slugs (D:1)
  73 orcs
  5 ball pythons
  An endoplasm (D:1)
  3 giant cockroaches
  17 goblins
  8 hobgoblins
  3 quokkas
  2 bats (D:1)
  2 frilled lizards (D:2)
  28 kobolds
  4 rats
549 creatures vanquished.

Vanquished Creatures (others)
  2 orc priests
  2 orc wizards
  24 fungi
  47 plants
75 creatures vanquished.

Grand Total: 624 creatures vanquished

Notes
Turn   | Place    | Note
-------+----------+-------------------------------------------
     0 | D:1      | Engwar the Minotaur Fighter began the quest for the Orb.
     0 | D:1      | Reached XP level 1. HP: 19/19 MP: 0/0
   187 | D:1      | Reached XP level 2. HP: 24/27 MP: 1/1
   547 | D:1      | Reached XP level 3. HP: 31/33 MP: 2/2
  1030 | D:2      | Noticed Natasha
  1039 | D:2      | Killed Natasha
  1040 | D:2      | Reached XP level 4. HP: 30/41 MP: 3/3
  1253 | D:2      | Noticed Robin
  1255 | D:2      | Killed Robin
  1322 | D:2      | Found a faded altar of an unknown god.
  1569 | D:2      | Noticed Natasha
  1577 | D:2      | Killed Natasha
  1578 | D:2      | Reached XP level 5. HP: 46/47 MP: 4/4
  1847 | D:3      | Found a hide-covered altar of Uskayaw.
  2133 | D:3      | Got the Exposition on Charming Transposition
  2801 | D:4      | Reached skill level 5 in Shields
  2869 | D:4      | Found a basalt altar of Yredelemnul.
  3206 | D:5      | Entered Level 5 of the Dungeon
  3214 | D:5      | Reached skill level 5 in Armour
  3316 | D:5      | Noticed a phantom
  3324 | D:5      | Killed a phantom
  3325 | D:5      | Reached skill level 5 in Fighting
  3325 | D:5      | Reached XP level 6. HP: 51/56 MP: 5/5
  3408 | D:5      | Noticed Pikel
  3433 | D:5      | Killed Pikel
  3434 | D:5      | Reached skill level 5 in Axes
  3434 | D:5      | Reached XP level 7. HP: 52/63 MP: 6/6
  3649 | D:5      | Found Seep's Overcharged Wands.
  3988 | D:5      | Reached XP level 8. HP: 50/71 MP: 7/7
  4561 | D:6      | Found a white marble altar of Elyvilon.
  4925 | D:7      | Found a staircase to the Ecumenical Temple.
  4928 | D:7      | Noticed Prince Ribbit
  4934 | Temple   | Entered the Ecumenical Temple
  4996 | D:7      | Killed Prince Ribbit
  4997 | D:7      | Reached XP level 9. HP: 65/81 MP: 8/8
  5167 | D:7      | Found Paul's Distillery.
  5855 | D:8      | Noticed a kobold demonologist
  5866 | D:8      | Noticed an ice devil
  5871 | D:8      | Killed a kobold demonologist
  6457 | D:8      | Noticed Gastronok
  6495 | D:8      | Killed Gastronok
  6496 | D:8      | Reached XP level 10. HP: 45/93 MP: 9/9
  6725 | D:8      | Found a burning altar of Makhleb.
  6737 | D:8      | Reached skill level 10 in Shields
  6937 | D:8      | Reached skill level 10 in Armour
  6940 | D:8      | Reached skill level 10 in Fighting
  7810 | D:9      | Found a radiant altar of Vehumet.
  7893 | D:9      | Reached skill level 10 in Axes
  8280 | D:9      | Found an iron altar of Okawaru.
  8301 | D:9      | Became a worshipper of Warmaster Okawaru
  8312 | D:9      | Found a runed translucent door.
  8313 | D:9      | Found a shimmering altar of Xom.
  8313 | D:9      | Noticed kelmiir's ghost (journeyman GnTm)
  8313 | D:9      | Noticed a +1 flail of chaos
  8426 | D:9      | Found an ancient bone altar of Kikubaaqudgha.
  8426 | D:9      | Found a glowing golden altar of the Shining One.
  8447 | D:9      | Found a hazy altar of Hepliaklqana.
  8449 | D:9      | Found an opulent altar of Gozag.
  8451 | D:9      | Found a broken altar of Ashenzari.
  8682 | D:10     | Entered Level 10 of the Dungeon
  8700 | D:10     | Noticed a two-headed ogre
  8732 | D:9      | Killed a two-headed ogre
  8999 | D:10     | Reached * piety under Okawaru
  9000 | D:10     | Reached XP level 11. HP: 100/101 MP: 10/10
  9980 | D:10     | Reached ** piety under Okawaru
 10392 | D:10     | Found a staircase to the Lair.
 10712 | Lair:1   | Entered Level 1 of the Lair of Beasts
 10834 | Lair:1   | Reached skill level 1 in Invocations
 11297 | Lair:1   | Noticed an oklob plant
 11748 | Lair:1   | You fall into a shaft and drop 1 floor!
 11748 | Lair:2   | Noticed a catoblepas
 11748 | Lair:2   | Found a staircase to the Snake Pit.
 12104 | Lair:1   | Reached *** piety under Okawaru
 12973 | Lair:1   | Found a stormy altar of Qazlal.
 13159 | Lair:2   | Found the +4 skin of Zhor {*Englaciate rC+++ SInv}
 13195 | Lair:2   | Reached **** piety under Okawaru
 13197 | Lair:2   | Reached XP level 12. HP: 106/112 MP: 13/13
 13467 | Lair:2   | Reached ***** piety under Okawaru
 13483 | Lair:2   | Noticed a seven-headed hydra
 13591 | Lair:2   | Killed a catoblepas
 13659 | Lair:2   | Upgraded the game from 0.30-a0-241-g1121274140 to
                  | 0.30-a0-243-gaa749bd8e4
 13725 | Lair:3   | Received a gift from Okawaru
 13725 | Lair:3   | Found the +1 robe of Vines {NoPotionHeal Regen++++}
 13850 | Lair:3   | Identified a scroll of acquirement
 13850 | Lair:3   | Acquired 432 gold pieces
 13892 | Lair:3   | Reached skill level 5 in Invocations
 14427 | Lair:3   | Found a staircase to the Swamp.
 15035 | Lair:4   | Reached XP level 13. HP: 93/122 MP: 16/16
 15175 | Lair:4   | Identified the +1 battleaxe of Bodily Humours {vorpal,
                  | Will+} (Okawaru gifted it to you on level 4 of the Lair of
                  | Beasts)
 15175 | Lair:4   | Received a gift from Okawaru
 16101 | Lair:5   | Entered Level 5 of the Lair of Beasts
 16308 | Lair:5   | Found a staircase to the Slime Pits.
 16309 | Lair:5   | Found a viscous altar of Jiyva.
 16580 | Lair:5   | Received a gift from Okawaru
 17048 | Lair:5   | Identified the +1 pair of boots of Wixtukuo {Regen+}
 17293 | Lair:5   | Received a gift from Okawaru
 17414 | Lair:5   | Identified the +4 broad axe of Generosity {flame, *Slow
                  | Str+5 Dex+5} (Okawaru gifted it to you on level 5 of the
                  | Lair of Beasts)
 17414 | Lair:5   | Received a gift from Okawaru
 17644 | Lair:5   | Reached ****** piety under Okawaru
 17650 | Lair:5   | Reached XP level 14. HP: 102/133 MP: 18/18
 17857 | Lair:5   | Found the +11 plutonium sword {Contam Stlth-}
 17865 | Lair:5   | Identified the ring "Gorimotz" {rElec rF+}
 18447 | D:11     | Noticed Josephine
 18466 | D:11     | Killed Josephine
 18824 | D:11     | Found a portal to a secret trove of treasure.
 18879 | D:11     | Found a staircase to the Orcish Mines.
 19073 | Orc:1    | Entered Level 1 of the Orcish Mines
 19197 | Orc:2    | Entered Level 2 of the Orcish Mines
 19245 | Orc:2    | Received a gift from Okawaru
 19436 | Orc:1    | Paralysed by an orc sorcerer for 3 turns
 19728 | Orc:2    | Noticed Urug
 19960 | Orc:1    | Killed Urug
 19972 | Orc:2    | Paralysed by an orc sorcerer for 5 turns
 19983 | Orc:2    | Paralysed by an orc sorcerer for 2 turns
 20020 | Orc:2    | Reached skill level 15 in Shields
 20284 | Orc:1    | Reached skill level 15 in Fighting
 20284 | Orc:1    | Reached skill level 15 in Armour
 20297 | Orc:1    | You fall into a shaft and drop 1 floor!
 20297 | Orc:2    | Noticed Blork the orc
 20314 | Orc:2    | Killed Blork the orc
 20742 | Orc:2    | Noticed Saint Roka
 20840 | Orc:1    | Killed Saint Roka
 20841 | Orc:1    | Reached skill level 15 in Axes
 20987 | Orc:2    | Found a staircase to the Elven Halls.
 21225 | Orc:2    | Found Tots's Assorted Antiques.
 21488 | Orc:2    | Found Jepp's General Store.
 21495 | Orc:2    | Bought a potion of heal wounds for 90 gold pieces
 21512 | Orc:2    | Found Orytwaon's Antique Armour Emporium.
 21527 | Orc:2    | Found Xocaom's Antique Weapon Emporium.
 21534 | Orc:2    | Bought a glowing broad axe for 217 gold pieces
 21545 | Orc:2    | Found Yptoikum's Jewellery Emporium.
 21584 | Orc:2    | Bought steaming quicksilver dragon scales for 1755 gold
                  | pieces
 21584 | Orc:2    | Identified the quicksilver dragon scales "Otziheer" {rN+
                  | Will+ Int+2} (You bought it in a shop on level 2 of the
                  | Orcish Mines)
 21821 | D:11     | Noticed Maurice
 21832 | D:11     | Killed Maurice
 22115 | D:12     | Noticed Sonja
 22120 | D:12     | Identified the +1 pair of gloves "Voosadghu" {Rampage rC+++
                  | Dex-4 SInv} (Okawaru gifted it to you on level 12 of the
                  | Dungeon)
 22120 | D:12     | Received a gift from Okawaru
 22139 | D:12     | Killed Sonja
 22322 | D:12     | Reached skill level 1 in Evocations
 22750 | D:12     | Annihilated by a very large slime creature

Illustrated notes

Levels and vault maps discovered:
D:1:      giann_forest_graveyard, layout_basic
D:2:      layout_basic, shapermc_ecumenical_altar_flowoftime,
          serial_bayou_lagoon_b, uniq_natasha, uniq_robin
D:3:      layout_basic, mainiacjoe_overflow_small_starburst
D:4:      layout_cave_pools, mainiacjoe_overflow_cross_hatched
D:5:      layout_rooms, nicolae_shop_overcharged_wands, uniq_pikel
D:6:      layout_rooms, lemuel_doored_altar, st_stairs_10
D:7:      layout_basic, minmay_temple_entry_grid, serial_shops,
          nicolae_shop_stone, eino_jars, uniq_prince_ribbit1
D:8:      layout_basic, mainiacjoe_overflow_24_doors, special_room
          [special_room_kobold], uniq_gastronok
D:9:      layout_irregular_city, mainiacjoe_overflow_alcove_1,
          kennysheep_okawaru_gauntlet, chequers_temple_overflow_minitemple,
          ebering_ghost_xom
D:10:     layout_gridville, erik_lair_dragon, ebering_dispersal_statue_hall
D:11:     layout_big_octagon, erik_orc_1, nicolae_trove_entry_crystal,
          uniq_maurice, uniq_josephine
D:12:     layout_loops_ring, nicolae_stop_n_shop_2, uniq_sonja
Temple:   hellmonk_temple_of_storms
Lair:1:   layout_regular_city, minmay_stone_trees_small, lemuel_oklob_altar
Lair:2:   lemuel_slime, layout_chaotic_city, guppyfry_snake_entry_island,
          gauntlet_entry_generic, hellmonk_guarded_unrand_zhor
Lair:3:   layout_cave_pods, minmay_swamp_entry_worms, lemuel_fruit_tree
Lair:4:   layout_loops_ring
Lair:5:   evilmike_catoblepas_cave, layout_concentric_octagons, slime_entry_1,
          infiniplex_staircase_pool_2
Orc:1:    layout_caves, nicolae_orc_flooded_monolith
Orc:2:    grunt_orc_cross, layout_caves, serial_shops, nicolae_shop_behind_doors

Skill      XL: |  1  2  3  4  5  6  7  8  9 10 11 12 13 14 |
---------------+-------------------------------------------+-----
Shields        | 4 5 6 8 9 10 12 13 14 15 | 15.1
Armour         | 4 5 6 8 9 10 12 13 14 15 | 15.7
Fighting       | 4 5 6 7 9 10 12 13 14 15 | 15.7
Axes           | 3 4 5 6 7 9 10 11 13 14 15 | 15.5
Invocations    | 3 5 7 8 |  8.0
Evocations     | 1 |  1.6

Action                   |  1- 3 |  4- 6 |  7- 9 | 10-12 | 13-15 || total
-------------------------+-------+-------+-------+-------+-------++-------
Melee: War axe           |    79 |   127 |   331 |   648 |   797 ||  1982
       Headbutt          |    11 |    11 |    61 |   142 |   251 ||   476
       Broad axe         |       |       |       |       |   136 ||   136
Throw: Stone             |     4 |       |       |       |       ||     4
       Javelin           |       |    10 |     4 |    11 |     2 ||    27
       Boomerang         |       |       |     8 |       |       ||     8
       Dart              |       |       |     5 |    12 |       ||    17
Invok: Heroism           |       |       |       |     3 |     6 ||     9
       Finesse           |       |       |       |       |     3 ||     3
  Use: Scroll            |       |     9 |     4 |    16 |     8 ||    37
       Potion            |       |       |     4 |    10 |     5 ||    19
 Stab: Confused          |       |       |       |       |     1 ||     1
Armor: Scale mail        |    47 |    19 |       |       |       ||    66
       Chain mail        |       |    29 |   106 |       |       ||   135
       Plate armour      |       |       |    92 |   457 |   493 ||  1042
       Quicksilver drago |       |       |       |       |    47 ||    47
Dodge: Dodged            |    28 |    45 |   114 |   209 |   246 ||   642
Block: Buckler           |    14 |    31 |    99 |   199 |   292 ||   635

Table legend: (Time is in decaauts)
 A = Elapsed time spent in this place.
 B = Non-inter-level travel time spent in this place.
 C = Inter-level travel time spent in this place.
 D = Time resting spent in this place.
 E = Time spent auto-exploring this place.
 F = Levels seen in this place.
 G = Mean time per level.
                   A        B        C        D        E       F      G
               +--------+--------+--------+--------+--------+-----+--------+
         Total |  22744 |  21846 |    898 |   4442 |  11692 |  20 | 1137.2 |
       Dungeon |  12630 |  12035 |    595 |   2143 |   6901 |  12 | 1052.5 |
        Temple |     45 |     45 |      0 |      0 |     24 |   1 |   45.0 |
          Lair |   7432 |   7198 |    234 |   1657 |   3697 |   5 | 1486.4 |
  Orcish Mines |   2635 |   2566 |     69 |    642 |   1069 |   2 | 1317.5 |
               +--------+--------+--------+--------+--------+-----+--------+

Top non-repeatable levels by time:
  Lair:1: 2255 daAuts
    D:10: 2022 daAuts
  Lair:5: 1997 daAuts
     D:9: 1607 daAuts
   Orc:2: 1541 daAuts
     D:8: 1502 daAuts
  Lair:3: 1425 daAuts
     D:7: 1098 daAuts
   Orc:1: 1094 daAuts
     D:2: 1009 daAuts
  Lair:4: 956 daAuts
     D:3: 938 daAuts
    D:12: 914 daAuts
     D:5: 885 daAuts
     D:1: 798 daAuts
